 Dungeon Crawl Stone Soup version 0.24-a0-271-ga0fc33f (webtiles) character file.

Game seed: 2393408090850046573

282 Lanoc the Ducker (level 6, -9/53 HPs)
             Began as a Gnoll Monk on Apr 24, 2019.
             Was a Believer of Yredelemnul.
             Mangled by an ice beast (14 damage)
             ... on level 4 of the Dungeon.
             The game lasted 00:06:39 (2063 turns).

Lanoc the Ducker (Gnoll Monk)                       Turns: 2063, Time: 00:06:42

Health: -9/53      AC:  8    Str: 11 (13) XL:     6   Next: 28%
Magic:  8/8        EV: 14    Int:  9 (12) God:    Yredelemnul [**....]
Gold:   112        SH:  0    Dex: 22 (25) Spells: 8/8 levels left

rFire    . . .     SeeInvis .   a - +0 falchion
rCold    . . .     Gourm    .   (no shield)
rNeg     . . .     Faith    .   i - +0 chain mail
rPois    .         Spirit   .   (no helmet)
rElec    .         Reflect  .   (no cloak)
rCorr    .         Harm     .   (no gloves)
MR       .....                  (no boots)
Stlth    +.........             (no amulet)
HPRegen  0.17/turn              g - +1 ring of evasion
MPRegen  0.11/turn              (no ring)

@: agile, lethally poisoned (-9 -> -10)
A: distributed training, fangs 1, strong nose
a: Animate Remains, Recall Undead Slaves, Injury Mirror, Renounce Religion


You were on level 4 of the Dungeon.
You worshipped Yredelemnul.
Yredelemnul was pleased with you.
You were very hungry.

You visited 1 branch of the dungeon, and saw 4 of its levels.

You collected 112 gold pieces.

Inventory:

Hand Weapons
 a - a +0 falchion (weapon)
Armour
 i - a +0 chain mail (worn)
Jewellery
 g - a +1 ring of evasion (left hand)
Scrolls
 e - 5 scrolls of identify
 f - 5 scrolls of remove curse
 h - 2 scrolls of magic mapping
Comestibles
 c - 2 rations


   Skills:
 + Level 6.8 Fighting
 + Level 1.8 Short Blades
 + Level 6.8 Long Blades
 + Level 1.8 Axes
 + Level 1.8 Maces & Flails
 + Level 1.8 Polearms
 + Level 1.8 Staves
 + Level 1.8 Slings
 + Level 1.8 Bows
 + Level 1.8 Crossbows
 + Level 1.8 Throwing
 + Level 1.8 Armour
 + Level 6.8 Dodging
 + Level 4.5 Stealth
 + Level 1.8 Shields
 + Level 1.8 Unarmed Combat
 + Level 1.8 Spellcasting
 + Level 1.4 Conjurations
 + Level 1.4 Hexes
 + Level 1.4 Charms
 + Level 1.4 Summonings
 + Level 1.4 Necromancy
 + Level 1.4 Translocations
 + Level 1.4 Transmutations
 + Level 1.4 Fire Magic
 + Level 1.4 Ice Magic
 + Level 1.4 Air Magic
 + Level 1.4 Earth Magic
 + Level 1.4 Poison Magic
 + Level 2.0 Invocations
 + Level 1.8 Evocations


You had 8 spell levels left.
You didn't know any spells.
Your spell library was empty.

Dungeon Overview and Level Annotations

Branches:
Dungeon (4/15)
 Temple: D:4-7

Altars:
Gozag
Yredelemnul


Innate Abilities, Weirdness & Mutations

Your experience applies equally to all skills.
You have very sharp teeth.
Your uncanny sense of smell can sniff out nearby items.


Message History

You hit the ice beast but do no damage.
The ice beast hits you but does no damage.
The adder skeleton bites you but does no damage.
It was a potion of degeneration.
There was something very wrong with that liquid.
You feel weakened.
You feel dopey.
You feel clumsy. The ice beast hits you. The ice beast freezes you.
The adder skeleton bites you but does no damage.
You hit the ice beast but do no damage.
You feel sick. The ice beast hits you. The ice beast freezes you!
* * * LOW HITPOINT WARNING * * *
The adder skeleton closely misses you.
You see here a smoky cyan potion.
It was a potion of agility.
You feel agile all of a sudden. The ice beast hits you.
* * * LOW HITPOINT WARNING * * *
The ice beast freezes you!
You die...
Your body rises from the dead as a mindless zombie.

###.#..........#..... ..
.................... ...
.............#...)# ....
#.##..............#
.(..##.####..#####.)....
..........#.## .......#
..........#.# ##.#####
......%$....# #.
.....>.@Y..## ..
........Z.....# .#
............##..
.######...#....
.....%##.. ..[..... .
.......... ∆ ..#.....#..


You could see an ice beast and an adder skeleton.

Vanquished Creatures
  2 howler monkeys (D:4)
  3 hounds (D:4)
  Robin (D:3)
  An adder (D:4)
  4 gnolls
  2 dart slugs
  2 leopard geckos
  2 orcs (D:3)
  A bat (D:3)
  6 giant cockroaches
  6 hobgoblins
  7 jackals (D:1)
  4 kobolds
  2 ball pythons
  2 frilled lizards
  7 goblins
  2 rats (D:3)
54 creatures vanquished.

Notes
Turn   | Place    | Note
-------+----------+-------------------------------------------
     0 | D:1      | Lanoc the Gnoll Monk began the quest for the Orb.
     0 | D:1      | Reached XP level 1. HP: 23/23 MP: 1/1
   120 | D:1      | Reached XP level 2. HP: 25/29 MP: 2/2
   339 | D:2      | Reached XP level 3. HP: 30/35 MP: 3/3
   446 | D:3      | Reached skill level 1 in Invocations
   918 | D:3      | Reached skill level 1 in Short Blades
   918 | D:3      | Reached skill level 1 in Axes
   918 | D:3      | Reached skill level 1 in Maces & Flails
   918 | D:3      | Reached skill level 1 in Polearms
   918 | D:3      | Reached skill level 1 in Staves
   918 | D:3      | Reached skill level 1 in Slings
   918 | D:3      | Reached skill level 1 in Bows
   918 | D:3      | Reached skill level 1 in Crossbows
   918 | D:3      | Reached skill level 1 in Throwing
   918 | D:3      | Reached skill level 1 in Armour
   918 | D:3      | Reached skill level 1 in Shields
   918 | D:3      | Reached skill level 1 in Unarmed Combat
   918 | D:3      | Reached skill level 1 in Spellcasting
   918 | D:3      | Reached skill level 1 in Evocations
   918 | D:3      | Reached XP level 4. HP: 41/41 MP: 5/5
  1203 | D:4      | Noticed an ice beast
  1220 | D:4      | Reached skill level 1 in Conjurations
  1220 | D:4      | Reached skill level 1 in Hexes
  1220 | D:4      | Reached skill level 1 in Charms
  1220 | D:4      | Reached skill level 1 in Summonings
  1220 | D:4      | Reached skill level 1 in Necromancy
  1220 | D:4      | Reached skill level 1 in Translocations
  1220 | D:4      | Reached skill level 1 in Transmutations
  1220 | D:4      | Reached skill level 1 in Fire Magic
  1220 | D:4      | Reached skill level 1 in Ice Magic
  1220 | D:4      | Reached skill level 1 in Air Magic
  1220 | D:4      | Reached skill level 1 in Earth Magic
  1220 | D:4      | Reached skill level 1 in Poison Magic
  1226 | D:4      | Reached XP level 5. HP: 40/47 MP: 5/7
  1575 | D:3      | Noticed Robin
  1600 | D:3      | Killed Robin
  1600 | D:3      | Reached XP level 6. HP: 28/53 MP: 8/8
  1930 | D:3      | Found a basalt altar of Yredelemnul.
  1930 | D:3      | Found an opulent altar of Gozag.
  1952 | D:3      | Became a worshipper of Yredelemnul the Dark
  1952 | D:3      | Reached * piety under Yredelemnul
  1952 | D:3      | Reached ** piety under Yredelemnul
  2063 | D:4      | Mangled by an ice beast

Levels and vault maps discovered:
D:1:      dpeg_arrival_erosion, layout_basic
D:2:      layout_loops_ring
D:3:      layout_basic, gammafunk_temple_overflow_elements, uniq_robin
D:4:      layout_rooms, overflow_temple_1_default, minivault_1

Skill      XL: |  1  2  3  4  5  6 |
---------------+-------------------+-----
Invocations    | 1 2 |  2.0
Short Blades   | 1 |  1.8
Axes           | 1 |  1.8
Maces & Flails | 1 |  1.8
Polearms       | 1 |  1.8
Staves         | 1 |  1.8
Slings         | 1 |  1.8
Bows           | 1 |  1.8
Crossbows      | 1 |  1.8
Throwing       | 1 |  1.8
Armour         | 1 |  1.8
Shields        | 1 |  1.8
Unarmed Combat | 1 |  1.8
Spellcasting   | 1 |  1.8
Evocations     | 1 |  1.8
Conjurations   | 1 |  1.4
Hexes          | 1 |  1.4
Charms         | 1 |  1.4
Summonings     | 1 |  1.4
Necromancy     | 1 |  1.4
Translocations | 1 |  1.4
Transmutations | 1 |  1.4
Fire Magic     | 1 |  1.4
Ice Magic      | 1 |  1.4
Air Magic      | 1 |  1.4
Earth Magic    | 1 |  1.4
Poison Magic   | 1 |  1.4
Fighting       | |  6.8
Long Blades    | |  6.8
Dodging        | |  6.8
Stealth        | |  4.5

Action                   |  1- 3 |  4- 6 || total
-------------------------+-------+-------++-------
Melee: Falchion          |    78 |   139 ||   217
       Bite              |    14 |    23 ||    37
       Punch             |       |     1 ||     1
  Use: Scroll            |     3 |     2 ||     5
       Potion            |       |     3 ||     3
 Stab: Sleeping          |     6 |       ||     6
  Eat: Chunk             |       |     3 ||     3
Armor: Robe              |     5 |       ||     5
       Chain mail        |       |    73 ||    73
Dodge: Dodged            |    81 |    90 ||   171
       Rpst.: Falchion   |    27 |    24 ||    51

Table legend:
 A = Non-vault XP
 B = Vault XP
 C = Vault XP percentage of total XP
 D = Non-vault monster count
 E = Vault monster count
 F = Vault count percentage of total count
                 A         B        C        D         E       F
            +---------+---------+-------+---------+---------+-------
      Total |     377 |      27 |   6.7 |      47 |       7 |  13.0
            +---------+---------+-------+---------+---------+-------
        D:1 |      31 |       0 |   0.0 |      15 |       0 |   0.0
        D:2 |      25 |       0 |   0.0 |       8 |       0 |   0.0
        D:3 |      70 |      27 |  27.8 |      17 |       7 |  29.2
        D:4 |     251 |       0 |   0.0 |       7 |       0 |   0.0
            +---------+---------+-------+---------+---------+-------
